 Dungeon Crawl Stone Soup version 0.28.0-53-g5a82cb258f (webtiles) character file.

Game seed: 15040864043752670241

58 Sanktem7 the Skirmisher (level 3, -1/34 HPs)
             Began as a Minotaur Fighter on June 2, 2022.
             Slain by an adder (2 damage)
             ... on level 2 of the Dungeon.
             The game lasted 00:02:02 (1270 turns).

Sanktem7 the Skirmisher (Minotaur Fighter)          Turns: 1270, Time: 00:02:03

Health: -1/34      AC:  8    Str: 22    XL:     3   Next: 76%
Magic:  2/2        EV:  9    Int:  5    God:
Gold:   0          SH:  4    Dex:  9    Spells: 2/2 levels left

rFire   . . .      SeeInvis .   a - +0 war axe {axe}
rCold   . . .      Faith    .   c - +0 buckler
rNeg    . . .      Spirit   .   b - +0 scale mail
rPois   .          Reflect  .   (helmet restricted)
rElec   .          Harm     .   (no cloak)
rCorr   .          Rampage  .   h - +0 pair of gloves
Will    .....                   (no boots)
Stlth   ..........              (no amulet)
HPRegen 0.11/turn               (no ring)
MPRegen 0.08/turn               (no ring)

@: no status effects
A: horns 2, retaliatory headbutt
a: no special abilities


You were on level 2 of the Dungeon.
You visited 1 branch of the dungeon, and saw 2 of its levels.


Innate Abilities, Weirdness & Mutations

You have a pair of horns on your head.
You reflexively headbutt those who attack you in melee.


   Skills:
 * Level 4.4 Fighting
 * Level 3.5 Axes
 + Level 4.1 Armour
 + Level 4.0 Shields


You had 2 spell levels left.
You didn't know any spells.
Your spell library was empty.

Inventory:

Hand Weapons
 a - a +0 war axe (weapon) {axe}
 f - a +2 dagger of venom {short}
   (You took it off a kobold on level 1 of the Dungeon)
Missiles
 e - 2 poisoned darts (quivered) {throwing}
 g - 24 stones {throwing}
Armour
 b - a +0 scale mail (worn)
 c - a +0 buckler (worn)
 h - a +0 pair of gloves (worn)
   (You found it on level 1 of the Dungeon)
Scrolls
 j - a scroll of magic mapping {unknown}
Potions
 d - a potion of might
 i - a potion of ambrosia {unknown}

Dungeon Overview and Level Annotations

Branches:
Dungeon (2/15)

Altars:

Shops:
D:1

? #####
#.....#...#
.....#.#.#
....#.#.#
######
...#.#.#
#<.... #
#..#.#.#
###### ...
#..#.#.#
.....###>#.#.#
.......@...#.#
......S....#.#
...........#.#
...........#.#
.....###+#.#.#
.....
#.#.#########
....
#.#.........#
####
.#########.#
#.#


You could see an adder.


Message History

No target in view!
No target in view!
g - 24 stones {throwing} (gained 18)
A bat comes into view.
A bat is nearby!
An adder comes into view.
Found a stone staircase leading down.
The adder hisses angrily.
You block the bat's attack.
You miss the bat. You headbutt the bat.
You kill the bat!
An adder comes into view.
The adder hisses angrily.
The adder barely misses you. x2
You closely miss the adder. Your headbutt misses the adder.
The adder bites you.
You are poisoned.
The adder poisons you! 😕 HP[-1]
You take 1 damage, and now have 33/34 hp.
You miss the adder. You hit the adder.
You feel sick. The adder bites you but does no damage. The adder bites you.
You are more poisoned.
The adder poisons you! The adder bites you but does no damage.
The adder closely misses you. 😕 HP[-4]
You take 4 damage, and now have 29/34 hp.
You slash the adder! Your headbutt misses the adder. You barely miss the adder.
You feel very sick. The adder barely misses you. You furiously retaliate!
You headbutt the adder, but do no damage.
The adder bites you but does no damage. You block the adder's attack. 😕 HP[-3]
You take 3 damage, and now have 26/34 hp.
You miss the adder. x2; You feel sick. The adder bites you.
You are more poisoned.
The adder poisons you!
The adder bites you but does no damage. x3 😮 HP[-3]
You take 3 damage, and now have 23/34 hp.
You miss the adder. Your headbutt misses the adder. You closely miss the adder.
You feel very sick. The adder bites you but does no damage.
The adder barely misses you.
The adder bites you but does no damage. x2 😮 HP[-3]
You take 3 damage, and now have 20/34 hp.
You slash the adder!
You kill the adder!
You hit the adder.
You feel very sick. The adder barely misses you.
The adder bites you but does no damage. 😨 HP[-3]
You take 3 damage, and now have 17/34 hp.
You hit the adder but do no damage.
You feel sick. The adder barely misses you. 😨 HP[-2]
You take 2 damage, and now have 15/34 hp.
You hit the adder but do no damage.
You feel sick. You block the adder's attack. The adder closely misses you.
You miss the adder. Your headbutt misses the adder.
You feel sick. The adder bites you but does no damage.
The adder barely misses you. 😨 HP[-2]
You take 2 damage, and now have 13/34 hp.
You barely miss the adder.
You feel sick. The adder closely misses you.
You block the adder's attack. 😨 HP[-1]
You take 1 damage, and now have 12/34 hp.
You barely miss the adder.
You feel sick.
You are no longer poisoned.
The adder bites you.
* * * LOW HITPOINT WARNING * * *
You are poisoned.
The adder poisons you! 😨 HP[-3]
You take 3 damage, and now have 9/34 hp.
You hit the adder but do no damage. Your headbutt misses the adder.
* * * LOW HITPOINT WARNING * * *
You feel very sick. The adder barely misses you.
The adder completely misses you. 😱 HP[-3]
You take 3 damage, and now have 6/34 hp.
You hit the adder.
You headbutt the adder, but do no damage.
You feel sick. The adder barely misses you.
The adder bites you but does no damage. 😱 HP[-1]
You take 1 damage, and now have 5/34 hp.
You hit the adder.
You feel sick. The adder barely misses you. You block the adder's attack.
You barely miss the adder.
* * * LOW HITPOINT WARNING * * *
You feel sick. The adder bites you.
* * * LOW HITPOINT WARNING * * *
The adder closely misses you. 😱 HP[-3]
You take 3 damage, and now have 2/34 hp.
You miss the adder.
* * * LOW HITPOINT WARNING * * *
You feel sick.
You are no longer poisoned.
The adder bites you.
You die...

Skill      XL: |  1  2  3 |
---------------+----------+-----
Fighting       | 4 |  4.4
Axes           | 3 |  3.5
Armour         | 4 |  4.1
Shields        | 4 |  4.0

Action                   || total
-------------------------++-------
Melee: War axe           ||    83
       Headbutt          ||    10
Armor: Scale mail        ||    43
Dodge: Dodged            ||    43
Block: Buckler           ||    16

Levels and vault maps discovered:
D:1:      dpeg_arrival_orchard, layout_loops_ring, serial_shops,
          nicolae_shop_statue_plus, nicolae_figureground_sparkle
D:2:      layout_basic, hellmonk_ecumenical_altar_blasted, uniq_terence

Notes
Turn   | Place    | Note
-------+----------+-------------------------------------------
     0 | D:1      | Sanktem7 the Minotaur Fighter began the quest for the Orb.
     0 | D:1      | Reached XP level 1. HP: 19/19 MP: 0/0
     0 | D:1      | magus.rc [v1.9.6]
   239 | D:1      | Found Ociecs's Magic Scroll Shoppe.
   253 | D:1      | Reached XP level 2. HP: 27/27 MP: 1/1
   499 | D:1      | Reached skill level 4 in Fighting
   543 | D:1      | Reached skill level 3 in Axes
   661 | D:1      | Reached XP level 3. HP: 33/33 MP: 2/2
   752 | D:1      | Reached skill level 4 in Armour
  1202 | D:2      | Reached skill level 4 in Shields
  1266 | D:2      | HP: 6/34 [poisoned by an adder]
  1269 | D:2      | HP: 2/34 [adder (1)]
  1270 | D:2      | Slain by an adder

Vanquished Creatures
  A gnoll (D:1)
  An adder (D:2)
  A worm (D:2)
  2 dart slugs (D:1)
  7 endoplasms (D:1)
  3 giant cockroaches (D:1)
  4 goblins (D:1)
  3 ball pythons (D:1)
  4 bats
  2 kobolds (D:1)
  3 rats (D:1)
31 creatures vanquished.

Table legend:
 A = Non-vault XP
 B = Vault XP
 C = Vault XP percentage of total XP
 D = Non-vault monster count
 E = Vault monster count
 F = Vault count percentage of total count
                 A         B        C        D         E       F
            +---------+---------+-------+---------+---------+-------
      Total |      84 |       0 |   0.0 |      31 |       0 |   0.0
            +---------+---------+-------+---------+---------+-------
        D:1 |      64 |       0 |   0.0 |      28 |       0 |   0.0
        D:2 |      20 |       0 |   0.0 |       3 |       0 |   0.0
            +---------+---------+-------+---------+---------+-------

Illustrated notes

Table legend:
 A = Kills in this place as a percentage of kills in entire the game.
 B = Kills by you in this place as a percentage of kills by you in the entire game.
 C = Kills by friends in this place as a percentage of kills by friends in the entire game.
 D = Other kills in this place as a percentage of other kills in the entire game.
 E = Experience gained in this place as a percentage of experience gained in the entire game.
 F = Experience gained in this place divided by the number of levels of this place that you have seen.
                   A       B       C       D       E      F
               +-------+-------+-------+-------+-------+----------------------
         Total | 100.0 | 100.0 |   N/A |   N/A | 100.0 |  42.0
       Dungeon | 100.0 | 100.0 |   N/A |   N/A | 100.0 |  42.0
               +-------+-------+-------+-------+-------+----------------------

Table legend: (Time is in decaauts)
 A = Elapsed time spent in this place.
 B = Non-inter-level travel time spent in this place.
 C = Inter-level travel time spent in this place.
 D = Time resting spent in this place.
 E = Time spent auto-exploring this place.
 F = Levels seen in this place.
 G = Mean time per level.
                   A        B        C        D        E       F      G
               +--------+--------+--------+--------+--------+-----+--------+
         Total |   1301 |   1273 |     28 |      0 |   1045 |   2 |  650.5 |
       Dungeon |   1301 |   1273 |     28 |      0 |   1045 |   2 |  650.5 |
               +--------+--------+--------+--------+--------+-----+--------+

Top non-repeatable levels by time:
     D:1: 1200 daAuts
     D:2: 101 daAuts
